 Dungeon Crawl Stone Soup version 0.29.0-4-gdea44cf6ec (webtiles) character file.

Game seed: 5533697401224690781

10487 qw the Cleaver (level 11, -1/106 HPs)
             Began as a Gargoyle Berserker on Sept 5, 2022.
             Was a Priest of Trog.
             Slain by a komodo dragon (8 damage)
             ... on level 1 of the Lair of Beasts.
             The game lasted 00:04:07 (12405 turns).

qw the Cleaver (Gargoyle Berserker)                Turns: 12405, Time: 00:04:08

Health: -1/106     AC: 24    Str: 24    XL:     11   Next: 62%
Magic:  11/11      EV:  8    Int:  9    God:    Trog [***...]
Gold:   483        SH: 14    Dex:  9    Spells: 10/10 levels left

rFire   . . .      SeeInvis .   Y - +4 broad axe (flame)
rCold   . . .      Faith    .   m - +0 tower shield
rNeg    + . .      Spirit   .   d - +0 plate armour
rPois   inf        Reflect  .   b - +0 helmet
rElec   +          Harm     .   (no cloak)
rCorr   .          Rampage  .   (no gloves)
Will    .....                   h - +0 pair of boots
Stlth   ..........              (no amulet)
HPRegen 0.27/turn               o - +4 ring of evasion
MPRegen 0.12/turn               (no ring)

@: berserking, very quick
A: sickness immunity, AC +8, negative energy resistance 1, electricity
resistance, torment resistance 1, petrification resistance
a: Renounce Religion, Berserk, Trog's Hand


You were on level 1 of the Lair of Beasts.
You worshipped Trog.
Trog was most pleased with you.
You visited 2 branches of the dungeon, and saw 11 of its levels.

You collected 483 gold pieces.


Innate Abilities, Weirdness & Mutations

You are immune to sickness and miasma.
Your stone body is resilient. (AC +8)
You are immune to poison.
You resist negative energy. (rN+)
You are resistant to electric shocks. (rElec)
You are resistant to unholy torment.
You are immune to petrification.


   Skills:
 - Level 9.1 Fighting
 - Level 11.2 Axes
 - Level 8.1 Armour
 - Level 1.5 Dodging
 + Level 9.6 Shields


You had 10 spell levels left.
You didn't know any spells.
Your spell library was empty.

Inventory:

Hand Weapons
 Y - a +4 broad axe of flaming (weapon)
Armour
 b - a +0 helmet (worn)
 d - a +0 plate armour (worn)
 h - a +0 pair of boots (worn)
 m - a +0 tower shield (worn)
Jewellery
 l - a ring of ice
 o - a +4 ring of evasion (left hand)
Scrolls
 n - a scroll of identify
Potions
 a - a potion of haste
 c - a potion of resistance
 f - a potion of curing
 k - 2 potions of might
 p - a potion of cancellation

Dungeon Overview and Level Annotations

Branches:
Dungeon (10/15)            Temple (0/1) D:7            Lair (1/5) D:10
    Orc: D:9-12

Altars:
Fedhas
Gozag
Qazlal
Ru
Sif Muna
Uskayaw
Vehumet
Xom
Zin
The Shining One


Message History

The cane toad is almost dead.
The cane toad stings you.
You completely miss the cane toad.
The cane toad is almost dead.
You completely miss the komodo dragon.
Your surroundings suddenly seem different.
You recover from your berserk rage.
12358 ||| INVOKING Berserk.
A red film seems to cover your vision as you go berserk!
You feel yourself moving faster!
You feel mighty! The cane toad stings you.
You slash the cane toad! You burn the cane toad.
You feel the power of Trog in you as your rage grows.
You kill the cane toad!
Trog accepts your kill.
You start resting.
You feel a strong urge to attack something.
You feel your anger nearly subside.
You are no longer berserk.
You are exhausted.
You feel yourself slow down.
You feel yourself speed up.
A komodo dragon is nearby!
The komodo dragon hisses menacingly.
You hit the komodo dragon. You burn the komodo dragon.
The komodo dragon is lightly wounded.
You block the komodo dragon's attack.
You hit the komodo dragon. You burn the komodo dragon.
The komodo dragon is lightly wounded.
You recover from your berserk rage.
The komodo dragon bites you!!
12404 ||| INVOKING Berserk.
A red film seems to cover your vision as you go berserk!
You feel yourself moving faster!
You feel mighty!
The komodo dragon bites you but does no damage.
You slice the komodo dragon!! You burn the komodo dragon!
The komodo dragon is severely wounded.
The komodo dragon hisses menacingly.
The komodo dragon bites you!
You die...

### #####
#...###...## .. .
.............# ... .
.............#
.....#........l@...#
....#.#.......%....#
.....#.............#
...................#
............!......#
#..l...#..#.###.#
############ ##


You could see a komodo dragon.

Vanquished Creatures
  A two-headed ogre (D:9)
  Amaemon (D:8)
  An oklob plant (D:10)
  Pikel (D:5)
  Joseph (D:9)
  3 cane toads (Lair:1)
  A rime drake (Lair:1)
  An orange demon (D:8)
  A troll (D:10)
  A hornet (D:8)
  4 blink frogs (Lair:1)
  8 yaks (D:8)
  2 wyverns
  Eustachio (D:5)
  A vampire (D:10)
  A wraith (D:6)
  4 steam dragons
  2 water moccasins
  An ice beast (D:8)
  A black bear (D:6)
  A phantom (D:5)
  4 lemures (D:5)
  A kobold brigand (D:6)
  5 bullfrogs
  2 gnoll sergeants (D:7)
  2 necrophages
  5 scorpions
  4 wights
  5 killer bees (D:9)
  5 howler monkeys
  2 electric eels (D:10)
  5 orc priests
  2 gnoll boudas
  5 hounds
  4 iguanas
  3 jellies
  5 orc wizards
  Robin (D:3)
  6 adders
  23 gnolls
  A shadow imp (D:7)
  3 white imps
  2 worms
  4 dart slugs
  22 orcs
  An endoplasm (D:1)
  2 giant cockroaches (D:2)
  9 hobgoblins
  4 jackals (D:5)
  2 quokkas (D:2)
  5 ball pythons
  3 bats
  A frilled lizard (D:1)
  23 goblins
  14 kobolds
  2 rats
225 creatures vanquished.

Vanquished Creatures (others)
  4 plants (D:10)
4 creatures vanquished.

Grand Total: 229 creatures vanquished

Notes
Turn   | Place    | Note
-------+----------+-------------------------------------------
     0 | D:1      | qw the Gargoyle Berserker began the quest for the Orb.
     0 | D:1      | Reached XP level 1. HP: 14/14 MP: 1/1
     0 | D:1      | 0 ||| qw: Version: 0.1-a-104-g96f76f8
     0 | D:1      | 0 ||| qw: Game counter: 5871
     0 | D:1      | 0 ||| qw: Always use a shield: true
     0 | D:1      | 0 ||| qw: Do Orc after D:15 true
     0 | D:1      | 0 ||| qw: Do second Lair branch before Depths: true
     0 | D:1      | 0 ||| qw: Lair rune preference: random
     0 | D:1      | 0 ||| qw: Plans: Normal
     0 | D:1      | 0 ||| PLANNING D:1-11
    78 | D:1      | 78 ||| Stepping ~*~*~tactically~*~*~ (stealth).
    83 | D:1      | 83 ||| Stepping ~*~*~tactically~*~*~ (stealth).
    98 | D:1      | 98 ||| Stepping ~*~*~tactically~*~*~ (stealth).
    99 | D:1      | 99 ||| Stepping ~*~*~tactically~*~*~ (stealth).
   101 | D:1      | 101 ||| Stepping ~*~*~tactically~*~*~ (stealth).
   111 | D:1      | Reached skill level 3 in Axes
   358 | D:1      | Reached XP level 2. HP: 18/19 MP: 2/2
   928 | D:1      | 928 ||| UPGRADING to +0 pair of boots.
   933 | D:1      | 933 ||| UPGRADING to +0 leather armour.
   943 | D:1      | 943 ||| DROPPING +0 animal skin.
   944 | D:1      | 944 ||| READING 2 scrolls labelled ZEDWICV OVOPU.
   945 | D:1      | 945 ||| READING 2 scrolls labelled HIMAOM WA FEH.
   950 | D:1      | 950 ||| READING scroll labelled KEMNE HAQA QEW.
   951 | D:1      | 951 ||| READING scroll labelled TENIAZ CETRU.
   952 | D:1      | 952 ||| READING scroll labelled COROZE ULYEHO.
   953 | D:1      | 953 ||| DROPPING scroll of butterflies.
  1193 | D:2      | 1193 ||| Stepping ~*~*~tactically~*~*~ (hiding).
  1203 | D:2      | Reached XP level 3. HP: 23/23 MP: 3/3
  1237 | D:2      | 1237 ||| INVOKING Berserk.
  1482 | D:2      | Reached skill level 4 in Axes
  1639 | D:2      | 1639 ||| INVOKING Berserk.
  1932 | D:2      | Found a sacrificial altar of Ru.
  2114 | D:2      | 2114 ||| UPGRADING to +0 chain mail.
  2124 | D:2      | 2124 ||| DROPPING +0 leather armour.
  2125 | D:2      | 2125 ||| READING scroll labelled ECHEOS ICUI.
  2199 | D:3      | Reached ** piety under Trog
  2215 | D:3      | 2215 ||| FLEEEEING.
  2216 | D:3      | 2216 ||| FLEEEEING.
  2217 | D:3      | 2217 ||| FLEEEEING.
  2229 | D:3      | 2229 ||| FLEEEEING.
  2254 | D:3      | Reached XP level 4. HP: 26/28 MP: 4/4
  2313 | D:3      | 2313 ||| Stepping ~*~*~tactically~*~*~ (stealth).
  2314 | D:3      | 2314 ||| Stepping ~*~*~tactically~*~*~ (stealth).
  2328 | D:3      | Noticed Robin
  2330 | D:3      | 2330 ||| INVOKING Berserk.
  2333 | D:3      | Killed Robin
  2609 | D:3      | 2609 ||| Stepping ~*~*~tactically~*~*~ (stealth).
  2613 | D:3      | 2613 ||| Stepping ~*~*~tactically~*~*~ (stealth).
  2614 | D:3      | 2614 ||| Stepping ~*~*~tactically~*~*~ (stealth).
  2628 | D:3      | 2628 ||| Stepping ~*~*~tactically~*~*~ (stealth).
  2629 | D:3      | 2629 ||| Stepping ~*~*~tactically~*~*~ (stealth).
  2630 | D:3      | 2630 ||| Stepping ~*~*~tactically~*~*~ (stealth).
  2639 | D:3      | 2639 ||| Stepping ~*~*~tactically~*~*~ (stealth).
  2654 | D:3      | 2654 ||| Stepping ~*~*~tactically~*~*~ (stealth).
  2657 | D:3      | 2657 ||| Stepping ~*~*~tactically~*~*~ (stealth).
  2658 | D:3      | 2658 ||| Stepping ~*~*~tactically~*~*~ (stealth).
  2667 | D:3      | 2667 ||| INVOKING Berserk.
  2675 | D:3      | Reached skill level 5 in Axes
  2675 | D:3      | Reached XP level 5. HP: 32/32 MP: 5/5
  2687 | D:3      | 2687 ||| Stepping ~*~*~tactically~*~*~ (stealth).
  2791 | D:3      | 2791 ||| DROPPING +0 whip.
  2814 | D:3      | 2814 ||| INVOKING Berserk.
  2884 | D:3      | 2884 ||| Stepping ~*~*~tactically~*~*~ (stealth).
  3153 | D:3      | 3153 ||| UPGRADING to +0 helmet.
  3158 | D:3      | 3158 ||| UPGRADING to +0 plate armour.
  3168 | D:3      | 3168 ||| DROPPING +0 chain mail.
  3169 | D:3      | 3169 ||| READING scroll labelled NUSHRA CUUTETA.
  3170 | D:3      | 3170 ||| DRINKING 2 dark potions.
  3171 | D:3      | 3171 ||| DRINKING 2 fizzy emerald potions.
  3172 | D:3      | 3172 ||| DROPPING potion of attraction.
  3217 | D:4      | Reached skill level 3 in Armour
  3217 | D:4      | 3217 ||| STAIRDANCE
  3370 | D:4      | 3370 ||| Stepping ~*~*~tactically~*~*~ (stealth).
  3474 | D:4      | Reached XP level 6. HP: 38/38 MP: 6/6
  3476 | D:4      | 3476 ||| Stepping ~*~*~tactically~*~*~ (stealth).
  3529 | D:4      | 3529 ||| INVOKING Berserk.
  3809 | D:4      | 3809 ||| Stepping ~*~*~tactically~*~*~ (stealth).
  3861 | D:4      | 3861 ||| Stepping ~*~*~tactically~*~*~ (stealth).
  3892 | D:4      | 3892 ||| Stepping ~*~*~tactically~*~*~ (stealth).
  4086 | D:4      | 4086 ||| READING scroll labelled QEMOSE ZAIVOH.
  4115 | D:5      | Entered Level 5 of the Dungeon
  4115 | D:5      | Found an opulent altar of Gozag.
  4119 | D:5      | 4119 ||| INVOKING Berserk.
  4121 | D:5      | Reached skill level 6 in Axes
  4128 | D:5      | HP: 12/57 [phantom (6)]
  4135 | D:5      | Reached XP level 7. HP: 10/43 MP: 7/7
  4135 | D:5      | 4135 ||| READING 2 scrolls of teleportation.
  4136 | D:5      | 4136 ||| DRINKING potion of heal wounds.
  4274 | D:5      | Reached *** piety under Trog
  4295 | D:5      | You fall into a shaft and drop 1 floor!
  4369 | D:6      | 4369 ||| INVOKING Berserk.
  4374 | D:6      | Reached skill level 7 in Axes
  4472 | D:6      | Identified the +6 leather armour of the Eleven Xenops
                  | {Regen+ Int+5 Slay+5}
  4554 | D:6      | 4554 ||| INVOKING Berserk.
  4558 | D:6      | Reached XP level 8. HP: 50/50 MP: 8/8
  4658 | D:6      | Noticed a wraith
  4690 | D:6      | Killed a wraith
  4798 | D:6      | 4798 ||| Stepping ~*~*~tactically~*~*~ (stealth).
  4802 | D:6      | 4802 ||| INVOKING Berserk.
  4805 | D:6      | Reached skill level 8 in Axes
  4929 | D:6      | 4929 ||| Stepping ~*~*~tactically~*~*~ (stealth).
  4975 | D:6      | 4975 ||| Stepping ~*~*~tactically~*~*~ (stealth).
  4976 | D:6      | 4976 ||| Stepping ~*~*~tactically~*~*~ (stealth).
  4978 | D:6      | 4978 ||| INVOKING Berserk.
  5278 | D:6      | 5278 ||| READING scroll labelled VUORER BIEXE.
  5279 | D:6      | 5279 ||| READING scroll labelled BELLAS GIAPHYT.
  5339 | D:6      | 5339 ||| DRINKING 2 green potions.
  5361 | D:5      | 5361 ||| INVOKING Berserk.
  5368 | D:5      | Reached skill level 6 in Fighting
  5493 | D:5      | Identified the +2 leather armour of Odua {rC+ Str+2}
  5579 | D:5      | Found a stormy altar of Qazlal.
  5584 | D:5      | 5584 ||| Stepping ~*~*~tactically~*~*~ (stealth).
  5720 | D:5      | Noticed Eustachio
  5724 | D:5      | 5724 ||| INVOKING Berserk.
  5733 | D:5      | Killed Eustachio
  5738 | D:5      | Reached XP level 9. HP: 55/55 MP: 9/9
  5900 | D:5      | 5900 ||| Stepping ~*~*~tactically~*~*~ (stealth).
  5902 | D:5      | Noticed Pikel
  5903 | D:5      | 5903 ||| Stepping ~*~*~tactically~*~*~ (stealth).
  6027 | D:5      | 6027 ||| INVOKING Berserk.
  6037 | D:5      | Killed Pikel
  6038 | D:5      | Reached skill level 9 in Axes
  6237 | D:5      | 6237 ||| UPGRADING to +4 ring of evasion.
  6238 | D:5      | 6238 ||| READING scroll labelled OBEUWO NOONIRO.
  6339 | D:5      | 6339 ||| DRINKING 3 metallic pink potions.
  6340 | D:5      | 6340 ||| READING 3 scrolls of identify.
  6340 | D:5      | 6340 ||| IDENTIFYING glowing clear potion
  6341 | D:5      | 6341 ||| READING 2 scrolls of identify.
  6341 | D:5      | 6341 ||| IDENTIFYING orange potion
  6342 | D:5      | 6342 ||| DROPPING potion of brilliance.
  6515 | D:6      | 6515 ||| Stepping ~*~*~tactically~*~*~ (cloud).
  6522 | D:6      | 6522 ||| Stepping ~*~*~tactically~*~*~ (hiding).
  6523 | D:6      | 6523 ||| Stepping ~*~*~tactically~*~*~ (hiding).
  6527 | D:6      | 6527 ||| INVOKING Berserk.
  6921 | D:7      | 6921 ||| Stepping ~*~*~tactically~*~*~ (stealth).
  6928 | D:7      | Reached skill level 6 in Armour
  6964 | D:7      | 6964 ||| Stepping ~*~*~tactically~*~*~ (stealth).
  6966 | D:7      | 6966 ||| STAIRDANCE
  7033 | D:7      | 7033 ||| Stepping ~*~*~tactically~*~*~ (stealth).
  7054 | D:7      | 7054 ||| INVOKING Berserk.
  7061 | D:7      | HP: 21/84 [gnoll/+0 spear[a gnoll sergeant] (3)]
  7064 | D:7      | HP: 6/84 [gnoll/+0 spear[a gnoll sergeant] (5)]
  7361 | D:7      | 7361 ||| SWAPPING to +0 war axe.
  7362 | D:7      | 7362 ||| DROPPING +0 hand axe.
  7431 | D:7      | Found a glowing silver altar of Zin.
  7439 | D:7      | Found a shimmering blue altar of Sif Muna.
  7446 | D:7      | Found a blossoming altar of Fedhas.
  7456 | D:7      | Found a hide-covered altar of Uskayaw.
  7467 | D:7      | Found a glowing golden altar of the Shining One.
  7474 | D:7      | Found a radiant altar of Vehumet.
  7480 | D:7      | Found a shimmering altar of Xom.
  7509 | D:7      | 7509 ||| Stepping ~*~*~tactically~*~*~ (stealth).
  7511 | D:7      | 7511 ||| Stepping ~*~*~tactically~*~*~ (hiding).
  7523 | D:7      | 7523 ||| Stepping ~*~*~tactically~*~*~ (hiding).
  7524 | D:7      | 7524 ||| Stepping ~*~*~tactically~*~*~ (hiding).
  7540 | D:7      | Reached skill level 10 in Axes
  7628 | D:7      | 7628 ||| INVOKING Berserk.
  7796 | D:7      | 7796 ||| Stepping ~*~*~tactically~*~*~ (stealth).
  7798 | D:7      | 7798 ||| Stepping ~*~*~tactically~*~*~ (hiding).
  7799 | D:7      | 7799 ||| Stepping ~*~*~tactically~*~*~ (hiding).
  7804 | D:7      | 7804 ||| INVOKING Berserk.
  7926 | D:7      | Found a staircase to the Ecumenical Temple.
  8124 | D:7      | 8124 ||| DROPPING +6 ring of intelligence.
  8125 | D:7      | 8125 ||| READING scroll labelled XACHIL OTTILEV.
  8297 | D:8      | 8297 ||| Stepping ~*~*~tactically~*~*~ (hiding).
  8348 | D:8      | 8348 ||| INVOKING Berserk.
  8358 | D:8      | Reached XP level 10. HP: 64/64 MP: 10/10
  8521 | D:8      | Identified the +1 robe of the Pleiades {rC++}
  8587 | D:8      | 8587 ||| Stepping ~*~*~tactically~*~*~ (hiding).
  8609 | D:8      | 8609 ||| INVOKING Berserk.
  9056 | D:8      | Noticed Amaemon
  9056 | D:8      | Noticed an orange demon
  9059 | D:8      | 9059 ||| INVOKING Berserk.
  9068 | D:8      | Killed Amaemon
  9069 | D:8      | Reached skill level 11 in Axes
  9073 | D:8      | Killed an orange demon
  9141 | D:8      | 9141 ||| DROPPING +0 flail.
  9145 | D:8      | 9145 ||| SWAPPING to +1 broad axe of flaming.
  9146 | D:8      | 9146 ||| DROPPING +0 demon whip of venom.
  9147 | D:8      | 9147 ||| DROPPING +0 war axe.
  9184 | D:8      | 9184 ||| Stepping ~*~*~tactically~*~*~ (stealth).
  9209 | D:8      | Reached skill level 9 in Fighting
  9669 | D:8      | 9669 ||| INVOKING Berserk.
  9831 | D:8      | 9831 ||| UPGRADING to +0 tower shield.
  9836 | D:8      | 9836 ||| READING 2 scrolls labelled ASICKU LARIRGH.
  9837 | D:8      | 9837 ||| READING scroll of enchant weapon.
  9837 | D:8      | 9837 ||| ENCHANTING +2 broad axe of flaming.
  9838 | D:8      | 9838 ||| DRINKING 2 bubbling brown potions.
  9886 | D:8      | 9886 ||| DRINKING 2 fizzy brown potions.
  9887 | D:8      | 9887 ||| DRINKING 2 purple potions.
  9888 | D:8      | 9888 ||| DROPPING potion of lignification.
  9889 | D:8      | 9889 ||| DROPPING potion of flight.
  9964 | D:9      | Reached skill level 1 in Shields
 10021 | D:9      | Noticed a two-headed ogre
 10024 | D:9      | 10024 ||| INVOKING Berserk.
 10027 | D:9      | Killed a two-headed ogre
 10028 | D:9      | Reached skill level 3 in Shields
 10111 | D:9      | 10111 ||| Stepping ~*~*~tactically~*~*~ (cloud).
 10113 | D:9      | 10113 ||| INVOKING Berserk.
 10116 | D:9      | Reached XP level 11. HP: 71/71 MP: 11/11
 10388 | D:9      | 10388 ||| Stepping ~*~*~tactically~*~*~ (hiding).
 10760 | D:9      | Found a sacrificial altar of Ru.
 10801 | D:9      | Noticed Joseph
 10815 | D:9      | Killed Joseph
 10816 | D:9      | Reached skill level 6 in Shields
 10878 | D:9      | Reached **** piety under Trog
 11075 | D:9      | 11075 ||| READING 2 scrolls of identify.
 11075 | D:9      | 11075 ||| IDENTIFYING smoky ruby potion
 11076 | D:9      | 11076 ||| DROPPING potion of degeneration.
 11115 | D:10     | Entered Level 10 of the Dungeon
 11187 | D:10     | Found a staircase to the Lair.
 11187 | D:10     | Noticed an oklob plant
 11194 | D:10     | 11194 ||| INVOKING Berserk.
 11199 | D:10     | Killed an oklob plant
 11434 | D:10     | 11434 ||| INVOKING Berserk.
 11582 | D:10     | 11582 ||| Stepping ~*~*~tactically~*~*~ (stealth).
 11590 | D:10     | Found a flagged portal.
 11740 | D:10     | 11740 ||| READING scroll of enchant weapon.
 11740 | D:10     | 11740 ||| ENCHANTING +3 broad axe of flaming.
 11812 | D:10     | 11812 ||| INVOKING Berserk.
 12104 | D:10     | 12104 ||| INVOKING Berserk.
 12254 | D:10     | 12254 ||| PLANNING LAIR
 12254 | D:10     | 12254 ||| DROPPING amulet of magic regeneration.
 12320 | Lair:1   | Entered Level 1 of the Lair of Beasts
 12322 | Lair:1   | 12322 ||| INVOKING Berserk.
 12344 | Lair:1   | Reached skill level 9 in Shields
 12345 | Lair:1   | HP: 16/71 [bullfrog (4)]
 12346 | Lair:1   | 12346 ||| READING 2 scrolls of teleportation.
 12351 | Lair:1   | 12351 ||| READING scroll of teleportation.
 12353 | Lair:1   | HP: 13/71 [cane toad (4)]
 12358 | Lair:1   | 12358 ||| INVOKING Berserk.
 12358 | Lair:1   | HP: 18/106 [cane toad (3)]
 12403 | Lair:1   | HP: 4/71 [komodo dragon (20)]
 12404 | Lair:1   | 12404 ||| INVOKING Berserk.
 12405 | Lair:1   | Slain by a komodo dragon

Levels and vault maps discovered:
D:1:      ebering_trefoil_twist, layout_basic, minmay_tall_x
D:2:      layout_rooms, serial_rivers, chequers_serial_rivers_large_a,
          chequers_serial_rivers_marsh, chequers_serial_rivers_small_3,
          chequers_serial_rivers_small_3, chequers_serial_rivers_room_a,
          basic_altar
D:3:      layout_basic, chequers_serial_rivers_micro_e, uniq_robin
D:4:      layout_rooms
D:5:      layout_rooms, mainiacjoe_overflow_paths, nicolae_gozag_seed_capital,
          uniq_eustachio, uniq_pikel
D:6:      layout_layer_cave
D:7:      minmay_inner_zag, layout_rooms, grunt_temple_overflow_octagram,
          minmay_temple_entry_hall, minmay_misc_feat_cross, st_stairs_8
D:8:      minmay_angry_zag, layout_cave_pods, uniq_amaemon
D:9:      layout_roguey, nicolae_ru_path_of_blood, uniq_joseph
D:10:     layout_irregular_city, dpeg_oklobed_lair, enter_bailey_3, hive_lemuel
Lair:1:   layout_hall_layers, hangedman_lair_generics_rect, grunt_megastairs_2

Skill      XL: |  1  2  3  4  5  6  7  8  9 10 11 |
---------------+----------------------------------+-----
Axes           | 3 4 5 6 7 8 10 11 | 11.2
Armour         | 3 4 5 6 8 |  8.1
Fighting       | 4 5 6 8 9 |  9.1
Shields        | 4 9 |  9.6
Dodging        | |  1.5

Action                   |  1- 3 |  4- 6 |  7- 9 | 10-12 || total
-------------------------+-------+-------+-------+-------++-------
Melee: Hand axe          |   118 |   193 |   295 |       ||   606
       Punch             |     1 |     1 |     6 |     1 ||     9
       War axe           |       |       |    86 |    65 ||   151
       Broad axe         |       |       |       |   145 ||   145
Invok: Berserk           |     2 |     5 |    12 |    12 ||    31
  Use: Scroll            |     6 |     2 |     7 |     6 ||    21
       Potion            |       |     2 |     3 |     3 ||     8
Armor: Animal skin       |    14 |       |       |       ||    14
       Leather armour    |    26 |       |       |       ||    26
       Chain mail        |     2 |    56 |       |       ||    58
       Plate armour      |       |    72 |   245 |   179 ||   496
Dodge: Dodged            |    66 |    60 |   156 |   100 ||   382
Block: Tower shield      |       |       |       |   117 ||   117

Table legend:
 A = Non-vault XP
 B = Vault XP
 C = Vault XP percentage of total XP
 D = Non-vault monster count
 E = Vault monster count
 F = Vault count percentage of total count
                 A         B        C        D         E       F
            +---------+---------+-------+---------+---------+-------
      Total |   11198 |    3784 |  25.3 |     187 |      34 |  15.4
            +---------+---------+-------+---------+---------+-------
        D:1 |      23 |       7 |  23.3 |      14 |       4 |  22.2
        D:2 |      47 |       0 |   0.0 |      10 |       0 |   0.0
        D:3 |      94 |      36 |  27.7 |      16 |      12 |  42.9
        D:4 |     345 |       0 |   0.0 |      22 |       0 |   0.0
        D:5 |     637 |     779 |  55.0 |      28 |       2 |   6.7
        D:6 |    1339 |       0 |   0.0 |      18 |       0 |   0.0
        D:7 |     721 |     196 |  21.4 |      24 |       4 |  14.3
        D:8 |    2260 |    1682 |  42.7 |      18 |       6 |  25.0
        D:9 |    2204 |     466 |  17.5 |      23 |       1 |   4.2
       D:10 |     700 |     618 |  46.9 |       5 |       5 |  50.0
     Lair:1 |    2828 |       0 |   0.0 |       9 |       0 |   0.0
            +---------+---------+-------+---------+---------+-------
